 Dungeon Crawl Stone Soup version 0.20.1-1-g8b1a95d (webtiles) character file.

32 tidbits the Insei (level 2, 0/22 HPs)
             Began as a Demigod Transmuter on Aug 20, 2017.
             Slain by a bat (1 damage)
             ... on level 2 of the Dungeon.
             The game lasted 00:04:20 (588 turns).

tidbits the Insei (Demigod Transmuter)               Turns: 588, Time: 00:04:21

Health: 0/22       AC:  2    Str: 13    XL:     2   Next: 93%
Magic:  7/7        EV: 12    Int: 17    God:
Gold:   98         SH:  0    Dex: 16    Spells: 1/4 levels left

rFire    . . .     SeeInvis .     - Unarmed
rCold    . . .     Gourm    .   (no shield)
rNeg     . . .     Faith    .   b - +0 robe
rPois    .         Spirit   .   (no helmet)
rElec    .         Reflect  .   (no cloak)
rCorr    .         Harm     .   (no gloves)
MR       .....                  (no boots)
Stlth    +.........             k - amulet of rage
Regen    0.1/turn               (no ring)
MPRegen  0.1/turn               (no ring)

@: no status effects
A: high mp 1
a: Evoke Berserk Rage


You were on level 2 of the Dungeon.
You were not hungry.

You visited 1 branch of the dungeon, and saw 3 of its levels.

You collected 98 gold pieces.

Inventory:

Missiles
 a - 10 arrows
Armour
 b - a +0 robe (worn)
Jewellery
 k - an amulet of rage (around neck)
   (You found it on level 2 of the Dungeon)
Scrolls
 e - 2 scrolls of identify {unknown}
 f - a scroll of magic mapping {unknown}
 h - a scroll of blinking {unknown}
 i - a scroll of enchant weapon {unknown}
 j - 2 scrolls of recharging
 l - a scroll of enchant armour {unknown}
 r - 3 scrolls of remove curse
Books
 c - a book of Changes

   Spells                             Type                      Level
   a - Beastly Appendage              Transmutation                1
   b - Sticks to Snakes               Transmutation                2
   c - Spider Form                    Transmutation/Poison         3
   d - Ice Form                       Ice/Transmutation            4
   e - Blade Hands                    Transmutation                5
Comestibles
 d - 2 bread rations
 g - a royal jelly


   Skills:
 - Level 0.8 Fighting
 - Level 1.7 Dodging
 + Level 3.9 Unarmed Combat
 - Level 1.7 Spellcasting
 - Level 1.7 Transmutations


You had one spell level left.
You knew the following spells:

 Your Spells              Type           Power        Failure   Level  Hunger
e - Beastly Appendage     Tmut           #.....       10%         1    #......
k - Sticks to Snakes      Tmut           #.......     14%         2    ###....


Dungeon Overview and Level Annotations

Branches:
Dungeon (3/15)


Innate Abilities, Weirdness & Mutations

You have an increased reservoir of magic. (+10% MP)


Message History

You kill the bat!
Found a scroll of remove curse.
A goblin comes into view. It is wielding a club.
The goblin shouts!
Found a scroll labeled FEMUXINOAD.
Found a stone staircase leading up.
Your talons disappear.
Found a scroll labeled LUFOEC ZAXUSON.
You see here a scroll labeled YCHEKL FICI.
j - 3 scrolls labeled YCHEKL FICI (gained 1)
You barely miss the goblin. The goblin misses you.
Casting: Beastly Appendage
Confirm with . or Enter, or press ? or * to list all spells.
Your feet morph into talons.
The goblin hits you with a club.
You closely miss the goblin. You claw the goblin.
The goblin is severely wounded.
The goblin barely misses you.
You closely miss the goblin.
The goblin is severely wounded.
The goblin hits you with a club.
You hit the goblin.
You kill the goblin!
Your transformation is almost over.
Things that are here:
a club; a goblin corpse 2 orcs and an orc priest come into view.
An orc is wielding a hand axe of flaming.
You see here a scroll of remove curse.
r - 3 scrolls of remove curse (gained 1)
The orc shouts!
The orc priest shouts!
The orc priest miscasts a cantrip.
Your talons disappear.
The orc throws a tomahawk.
The tomahawk hits you.
You see here a tomahawk.
There is a stone staircase leading up here.
f - a scroll labeled LUFOEC ZAXUSON
There are no items here.
The orc throws a tomahawk.
The tomahawk hits you.
You see here a tomahawk.
The orc barely misses you.
There is a stone staircase leading up here.
The orc hits you with a hand axe of flaming.
* * * LOW HITPOINT WARNING * * *
The orc burns you.
* * * LOW HITPOINT WARNING * * *
You climb upwards.
A rat comes into view.
Found 9 gold pieces and a cloak.
There is a stone staircase leading down here.
Press: ? - help, v - describe, . - travel
Here: an orc, wielding a hand axe of flaming and wearing a ring mail The floor.
The orc barely misses you.
You aren't carrying any potions.
Unknown command.
Unknown command.
As you read the scroll labeled YCHEKL FICI, it crumbles to dust.
It is a scroll of recharging.
You aren't carrying any rechargeable items.
The orc hits you with a hand axe of flaming.
* * * LOW HITPOINT WARNING * * *
The orc burns you.
* * * LOW HITPOINT WARNING * * *
Casting: Beastly Appendage
Confirm with . or Enter, or press ? or * to list all spells.
You create a snake!
You now have 10 arrows.
The orc barely misses you.
The orc hits your adder with a hand axe of flaming.
The orc burns your adder.
Your adder closely misses the orc.
Your adder bites the rat.
The rat dies!
Your adder bites the orc.
Your adder bites the orc but does no damage.
You see here a rat corpse.
Your adder bites the orc but does no damage.
Your adder barely misses the orc.
The bat barely misses you. The bat closely misses you.
You aren't carrying any potions.
Unknown command.
The bat hits you.
* * * LOW HITPOINT WARNING * * *
The bat closely misses you.
Your adder withers and dies!
The bat misses you. The bat hits you but does no damage.
The bat closely misses you. The bat hits you but does no damage.
The bat hits you but does no damage. The bat hits you but does no damage.
The bat hits you.
* * * LOW HITPOINT WARNING * * *
The bat closely misses you.
There is a stone staircase leading up here.
The bat hits you but does no damage. The bat hits you but does no damage.
The bat hits you.
* * * LOW HITPOINT WARNING * * *
The bat barely misses you. The bat hits you.
You die...

######...#########........##
##§###...#§§§§§##..........#
#§§§##...#§§§§§##....).....#
.§§§§#...#§§§§§##..........#
#§§§##.⌠.#.§§§§##..<.......#
##§###...#.§§§§##..........#
######...########o........##
######'''########b#......##
#..........@.########
##############


You could see an orc and a bat.

Vanquished Creatures
  A dart slug (D:1)
  A ball python (D:1)
  3 bats
  2 goblins
  4 hobgoblins
  6 jackals (D:2)
  2 kobolds
  A frilled lizard (D:1)
  4 rats
24 creatures vanquished.

Vanquished Creatures (collateral kills)
  A goblin (D:1)
  A rat (D:2)
2 creatures vanquished.

Grand Total: 26 creatures vanquished

Notes
Turn   | Place    | Note
-------+----------+-------------------------------------------
     0 | D:1      | tidbits the Demigod Transmuter began the quest for the Orb.
     0 | D:1      | Reached XP level 1. HP: 15/15 MP: 5/5
   126 | D:1      | Reached skill level 3 in Unarmed Combat
   158 | D:2      | Reached XP level 2. HP: 21/22 MP: 5/7
   162 | D:2      | Learned a level 2 spell: Sticks to Snakes
   172 | D:2      | Found a sparkling altar of Nemelex Xobeh.
   552 | D:2      | HP: 2/22 [orc/hand axe of flaming (1)]
   583 | D:2      | HP: 2/22 [bat (1)]
   588 | D:2      | Slain by a bat

Skill      XL: |  1 |
---------------+----+-----
Unarmed Combat | 3 |  3.9
Fighting       | |  0.8
Dodging        | |  1.7
Spellcasting   | |  1.7
Transmutations | |  1.7

Action                   || total
-------------------------++-------
Melee: Unarmed           ||    57
       Headbutt          ||     8
       Kick              ||     6
 Cast: Beastly Appendage ||    13
       Sticks to Snakes  ||     2
  Use: Scroll            ||     2
Armor: Robe              ||    21
Dodge: Dodged            ||    38

Table legend:
 A = Turns spent in this place as a percentage of turns spent in the entire game.
 B = Non-inter-level travel turns spent in this place as a percentage of non-inter-level travel turns spent in the entire game.
 C = Inter-level travel turns spent in this place as a percentage of turns spent in this place.
 D = Turns resting spent in this place as a percentage of non-inter-level travel turns spent in this place.
 E = Turns spent auto-exploring this place as a percentage of non-inter-level travel turns spent in this place.
 F = Non-inter-level travel turns spent in this place divided by the number of levels of this place that you've seen.
                   A       B       C       D       E      F
               +-------+-------+-------+-------+-------+----------------------
         Total | 100.0 | 100.0 |   0.2 |   0.0 |   0.0 | 178.3
       Dungeon | 100.0 | 100.0 |   0.2 |   0.0 |   0.0 | 178.3
               +-------+-------+-------+-------+-------+----------------------

Table legend:
 A = Kills in this place as a percentage of kills in entire the game.
 B = Kills by you in this place as a percentage of kills by you in the entire game.
 C = Kills by friends in this place as a percentage of kills by friends in the entire game.
 D = Other kills in this place as a percentage of other kills in the entire game.
 E = Experience gained in this place as a percentage of experience gained in the entire game.
 F = Experience gained in this place divided by the number of levels of this place that you have seen.
                   A       B       C       D       E      F
               +-------+-------+-------+-------+-------+----------------------
         Total | 100.0 | 100.0 | 100.0 |  -nan | 100.0 |  15.3
       Dungeon | 100.0 | 100.0 | 100.0 |  -nan | 100.0 |  15.3
               +-------+-------+-------+-------+-------+----------------------

Vault maps used:
D:1:      dpeg_arrival_subterranean_lakeside_camping,
          minmay_misc_feat_secret_circle, hangedman_decor_diamond_cutter
D:2:      okawaru_gym_becter, nemelex_altar_shiori
D:3:      cheibrodos_old_hovel
